 Dungeon Crawl Stone Soup version 0.29.1-2-gbd0b4ee654 (webtiles) character file.

Game seed: 16513018013416269997

359 Lutefisk the Trooper (level 6, -1/56 HPs)
             Began as a Ghoul Warper on Nov 15, 2022.
             Was a Follower of Makhleb.
             Slain by a killer bee (6 damage)
             ... on level 5 of the Dungeon.
             The game lasted 00:16:19 (3022 turns).

Lutefisk the Trooper (Ghoul Warper)                 Turns: 3022, Time: 00:16:20

Health: -1/56      AC: 11    Str: 15    XL:     6   Next: 65%
Magic:  7/7        EV: 11    Int:  8    God:    Makhleb [*.....]
Gold:   178        SH:  0    Dex: 10    Spells: 8/8 levels left

rFire   . . .      SeeInvis .     - Unarmed
rCold   + . .      Faith    .   (no shield)
rNeg    + + +      Spirit   .   d - +0 ring mail
rPois   ∞          Reflect  .   t - +0 helmet
rElec   .          Harm     .   (no cloak)
rCorr   .          Rampage  .   (no gloves)
Will    .....                   o - +0 pair of boots
Stlth   +.........              w - amulet of the acrobat
HPRegen 0.00/turn               h - +4 ring of protection
MPRegen 0.10/turn               (no ring)

@: inhibited regen
A: claws 1, cold resistance 1, negative energy resistance 3, inhibited
regeneration, torment resistance 2, devour on kill
a: Renounce Religion


You were on level 5 of the Dungeon.
You worshipped Makhleb.
Makhleb was aware of your devotion.
You visited 1 branch of the dungeon, and saw 5 of its levels.

You collected 178 gold pieces.

Inventory:

Hand Weapons
 i - a +0 sling
 u - a +2 dagger of electrocution
Missiles
 c - 2 boomerangs of dispersal (quivered)
Armour
 d - a +0 ring mail (worn)
 o - a +0 pair of boots (worn)
 t - a +0 helmet (worn)
 y - the +1 chain mail of Ludeig {rCorr}
   (You found it on level 2 of the Dungeon)

   rCorr:     It protects you from acid and corrosion.
 z - a +2 pair of gloves
Magical Staves
 F - a staff of air
Jewellery
 h - a +4 ring of protection (left claw)
 w - an amulet of the acrobat (around neck)
Wands
 k - a wand of digging (7)
Scrolls
 a - 2 scrolls of teleportation {unknown}
 b - a scroll of blinking
 f - a scroll of fog {unknown}
 l - 2 scrolls of immolation {unknown}
 n - 6 scrolls of identify {unknown}
 v - 2 scrolls of magic mapping {unknown}
 x - 3 scrolls of noise {unknown}
 B - a scroll of amnesia {unknown}
 C - a scroll of fear {unknown}
 D - a scroll of poison {unknown}
Potions
 e - 2 potions of brilliance {unknown}
 g - a potion of cancellation {unknown}
 m - 2 potions of degeneration {unknown}
 p - a potion of magic {unknown}
 q - a potion of curing
 r - 2 potions of attraction {unknown}
 s - 2 potions of haste {unknown}
 A - a potion of ambrosia {unknown}
 E - a potion of berserk rage {unknown}


   Skills:
 - Level 5.0 Fighting
 - Level 1.0 Throwing
 * Level 2.1 Armour
 - Level 2.0 Dodging
 - Level 1.0 Stealth
 - Level 5.0 Unarmed Combat
 - Level 1.7 Spellcasting
 - Level 2.6 Translocations
 - Level 1.0 Invocations


You had 8 spell levels left.
You didn't know any spells.
Your spell library contained the following spells:

 Spells                   Type           Power      Damage    Failure   Level
 Blink                    Tloc           10%        N/A       34%         2
 Gell's Gravitas          Tloc           5%         N/A       56%         3
 Lesser Beckoning         Tloc           5%         N/A       56%         3
 Teleport Other           Tloc           5%         N/A       56%         3
 Manifold Assault         Tloc           5%         N/A       100%        5


Dungeon Overview and Level Annotations

Branches:
Dungeon (5/15)             Temple (0/1) D:5

Altars:
Fedhas
Makhleb

Shops:
D:2 [

Annotations:
D:2 Sigmund
D:3 3 runed translucent doors, Applejack244's ghost, amateur HOFi; hilljack's ghost, amateur HuTm; nshep25's ghost, amateur MiFi


Innate Abilities, Weirdness & Mutations

You are immune to poison.
You have sharp fingernails.
Your flesh is cold resistant. (rC+)
You are immune to negative energy. (rN+++)
You do not regenerate when monsters are visible.
You are immune to unholy pain and torment.
You thrive by killing the living.


Message History

Unknown command.
You claw the killer bee!
The killer bee is heavily wounded.
The killer bee stings you!
* * * LOW HITPOINT WARNING * * *
The killer bee barely misses you.
It was a potion of curing.
You feel better. The killer bee barely misses you.
The killer bee closely misses you.
You closely miss the killer bee.
The killer bee is heavily wounded.
The killer bee stings you.
* * * LOW HITPOINT WARNING * * *
You scratch the killer bee.
The killer bee is heavily wounded.
The killer bee misses you. The killer bee barely misses you.
You scratch the killer bee.
The killer bee is almost dead.
The killer bee stings you.
* * * LOW HITPOINT WARNING * * *
The killer bee closely misses you.
You barely miss the killer bee.
The killer bee is severely wounded.
The killer bee stings you.
* * * LOW HITPOINT WARNING * * *
The killer bee closely misses you.
You feel better.
The killer bee stings you but does no damage.
The killer bee misses you.
You miss the killer bee.
The killer bee is severely wounded.
The killer bee barely misses you. The killer bee closely misses you.
You miss the killer bee.
The killer bee is severely wounded.
The killer bee barely misses you.
You closely miss the killer bee.
The killer bee is severely wounded.
The killer bee stings you!
* * * LOW HITPOINT WARNING * * *
The killer bee stings you.
You die...

..............#.#
...........(..#.#
..............#.#
..............#.#
..............#.#
..............#.#
#.######"..5#...#
#. ##.#y###.#
#.#@# #.# #.#.#
#.# #.#.# #.#
#.#.# #.# #####
#.#.# #.# #....
#.#.#
#.########.###
#.#.#
#..........#
#.#.#
##.........# #<#
#.#######.#


You could see a killer bee and an ufetubus.

Vanquished Creatures
  A scorpion (D:4)
  2 killer bees (D:5)
  A hound (D:4)
  Robin (D:3)
  3 gnolls (D:3)
  4 adders
  2 worms
  3 dart slugs
  2 orcs (D:4)
  6 ball pythons
  4 bats
  7 endoplasms
  5 giant cockroaches
  13 goblins
  10 hobgoblins
  5 jackals (D:4)
  7 quokkas
  3 frilled lizards (D:3)
  9 kobolds
  5 rats
93 creatures vanquished.

Vanquished Creatures (others)
  9 plants (D:2)
9 creatures vanquished.

Grand Total: 102 creatures vanquished

Notes
Turn   | Place    | Note
-------+----------+-------------------------------------------
     0 | D:1      | Lutefisk the Ghoul Warper began the quest for the Orb.
     0 | D:1      | Reached XP level 1. HP: 17/17 MP: 2/2
    77 | D:1      | Reached XP level 2. HP: 25/25 MP: 3/3
    95 | D:1      | Reached skill level 1 in Stealth
   347 | D:1      | Reached XP level 3. HP: 30/30 MP: 4/4
   907 | D:2      | You fall into a shaft and drop 2 floors!
   969 | D:3      | Reached XP level 4. HP: 37/40 MP: 5/5
  1055 | D:2      | Noticed Robin
  1141 | D:3      | Found a blossoming altar of Fedhas.
  1141 | D:3      | Found a burning altar of Makhleb.
  1174 | D:3      | Became a worshipper of Makhleb the Destroyer
  1540 | D:3      | Reached skill level 1 in Armour
  1653 | D:3      | Found a runed translucent gate.
  1655 | D:3      | Found a runed translucent gate.
  1655 | D:3      | Found a runed translucent gate.
  1657 | D:3      | Noticed hilljack's ghost (amateur HuTm)
  1657 | D:3      | Noticed nshep25's ghost (amateur MiFi)
  1657 | D:3      | Noticed Applejack244's ghost (amateur HOFi)
  1708 | D:3      | HP: 2/40 [Robin/+0 falchion (6)]
  1710 | D:3      | Killed Robin
  1711 | D:3      | Reached skill level 1 in Throwing
  1711 | D:3      | Reached XP level 5. HP: 7/46 MP: 6/6
  2122 | D:2      | Found Voheurph's Antique Armour Boutique.
  2168 | D:2      | Noticed Sigmund
  2308 | D:2      | Identified the +1 chain mail of Ludeig {rCorr}
  2419 | D:4      | Reached * piety under Makhleb
  2502 | D:4      | Reached skill level 5 in Fighting
  2562 | D:4      | Reached XP level 6. HP: 56/56 MP: 7/7
  2839 | D:5      | Entered Level 5 of the Dungeon
  2860 | D:5      | Found a staircase to the Ecumenical Temple.
  3013 | D:5      | Reached skill level 5 in Unarmed Combat
  3013 | D:5      | Reached skill level 1 in Invocations
  3022 | D:5      | Slain by a killer bee

Illustrated notes

Levels and vault maps discovered:
D:1:      minmay_arrival_split_and_join, layout_basic, minmay_misc_feat_chi,
          nicolae_titane
D:2:      layout_loops_ring, serial_shops, nicolae_shop_crystal,
          basic_ecumenical_altar, hex_medium, serial_bayou_lagoon_a,
          uniq_sigmund, uniq_robin
D:3:      layout_loops_ring, chequers_temple_overflow_statue_of_worship,
          gammafunk_ghost_cemetery, serial_forest, infiniplex_forest_zigzag_1,
          infiniplex_forest_straight_2, infiniplex_forest_lined_3,
          infiniplex_forest_straight_2, infiniplex_forest_corner_2,
          infiniplex_forest_corner_2, infiniplex_forest_straight_1,
          infiniplex_forest_lined_room_, grunt_ministairs_9
D:4:      layout_loops_ring, kennysheep_boxes
D:5:      layout_loops_ring, gammafunk_temple_overflow_statue,
          minmay_temple_entry_stoned_glass, wad_floor_pattern_1

Skill      XL: |  1  2  3  4  5  6 |
---------------+-------------------+-----
Stealth        | 1 |  1.0
Fighting       | 3 4 5 |  5.0
Unarmed Combat | 3 4 5 |  5.0
Armour         | 1 2 |  2.1
Dodging        | 2 |  2.0
Throwing       | 1 |  1.0
Invocations    | 1 |  1.0
Spellcasting   | |  1.7
Translocations | |  2.6

Action                   |  1- 3 |  4- 6 || total
-------------------------+-------+-------++-------
Melee: Unarmed           |   166 |   226 ||   392
       Punch             |     5 |     4 ||     9
 Fire: Sling             |     4 |       ||     4
Throw: Boomerang         |       |     5 ||     5
       Dart              |       |     7 ||     7
Evoke: Wand              |       |     1 ||     1
  Use: Potion            |       |     2 ||     2
Armor: Ring mail         |    63 |   105 ||   168
Dodge: Dodged            |    76 |   134 ||   210
